 Dungeon Sprint DCSS version 0.29.1-2-gbd0b4ee654 (webtiles) character file.

Game seed: 12016465462072317430

13619 Zeld the Warrior (level 11, -2/119 HPs)
             Began as a Minotaur Berserker on Nov 3, 2022.
             Was the Champion of Trog.
             Killed from afar by a salamander tyrant (44 damage)
             ... with a flame surge
             ... in the Dungeon (Sprint V: "Ziggurat Sprint").
             The game lasted 00:02:48 (1479 turns).

Zeld the Warrior (Minotaur Berserker)               Turns: 1479, Time: 00:02:48

Health: -2/119     AC: 35    Str: 38    XL:     11   Next: 78%
Magic:  10/10      EV:  7    Int:  4    God:    Trog [******]
Gold:   0          SH: 24    Dex: 10    Spells: 10/10 levels left

rFire   . . .      SeeInvis +   a - +14 obsidian axe {vorpal, Mesm Drain Fly SInv}
rCold   . . .      Faith    .   p - +18 shield of the Gong {rElec rN+ Will+ EV-5}
rNeg    + . .      Spirit   .   b - +15 Maxwell's patent armour {-Cast -Tele rElec Will+ rCorr}
rPois   .          Reflect  .   (helmet restricted)
rElec   +          Harm     .   (no cloak)
rCorr   +          Rampage  .   k - +1 pair of gloves {infuse}
Will    ++++.      NoTele   +   (no boots)
Stlth   .......... NoCast   +   q - amulet of magic regeneration
HPRegen 1.29/turn               u - +6 ring of strength
MPRegen 0.52/turn               v - +6 ring of strength

@: weakened, strong-willed, flying, mesmerised, regenerating, hasted, very quick
A: horns 2, retaliatory headbutt
a: Renounce Religion, Berserk, Trog's Hand, Brothers in Arms


You were in the Dungeon.
You worshipped Trog.
Trog was exalted by your worship.
You visited 1 branch

Inventory:

Hand Weapons
 a - the +14 obsidian axe (weapon) {vorpal, Mesm Drain Fly SInv}
   (You found it in the Dungeon)

   It inflicts extra damage upon your enemies.
   It occasionally summons demons to assist the wielder when it strikes in
   combat.
   Its wielder is mesmerised by any visible foes.
   It cannot be unequipped while any foes are visible.
   SInv:      It lets you see invisible.
   Fly:       It grants you flight.
   Drain:     It drains your maximum health when unequipped.
Armour
 b - the +15 Maxwell's patent armour (worn) {-Cast -Tele rElec Will+ rCorr}
   (You found it in the Dungeon)

   rElec:     It insulates you from electricity.
   -Cast:     It prevents spellcasting.
   -Tele:     It prevents most forms of teleportation.
   rCorr:     It protects you from acid and corrosion.
   Will:      It increases your willpower.
 k - a +1 pair of gloves of infusion (worn)
 p - the +18 shield of the Gong (worn) {rElec rN+ Will+ EV-5}
   (You found it in the Dungeon)

   It is deafeningly noisy when blocking attacks.
   EV:        It affects your evasion (-5).
   rElec:     It insulates you from electricity.
   rN:        It protects you from negative energy.
   Will:      It increases your willpower.
Jewellery
 q - an amulet of magic regeneration (around neck)
 r - a +4 ring of evasion
 s - a ring of resist corrosion
 u - a +6 ring of strength (left hand)
 v - a +6 ring of strength (right hand)
 C - the ring of Immonaos {Str+7 SInv}
   (You found it in the Dungeon)

   [ring of see invisible]

   Str:       It affects your strength (+7).
   SInv:      It lets you see invisible.
 D - a ring of protection from fire
 E - the ring of Hummy {EV+4 Dex+2}
   (You found it in the Dungeon)

   [ring of evasion]

   EV:        It affects your evasion (+4).
   Dex:       It affects your dexterity (+2).
 F - an amulet of reflection
 H - a ring of protection from fire
Wands
 w - a wand of mindburst (7)
 x - a wand of acid (7)
 G - a wand of polymorph (7)
Scrolls
 h - 4 scrolls of blinking
 m - 7 scrolls of fog
 n - 5 scrolls of identify
 o - 2 scrolls of fear
 B - 4 scrolls of enchant armour
Potions
 c - 11 potions of curing
 d - 8 potions of heal wounds
 e - 9 potions of haste
 f - 7 potions of magic
 g - 3 potions of berserk rage
 i - 2 potions of invisibility
 j - 4 potions of resistance
 l - 7 potions of might
Miscellaneous
 t - a piece from Xom's chessboard (15/15)
 y - a lightning rod (4/4)
 z - a phial of floods
 A - a condenser vane


   Skills:
 + Level 18.1 Fighting
 - Level 18.0 Axes
 + Level 18.0 Armour
 + Level 16.6 Dodging


You had 10 spell levels left.
You didn't know any spells.
Your spell library was empty.

Dungeon Overview and Level Annotations

Branches:
Dungeon (1/1)

Altars:
Ashenzari
Cheibriados
Dithmenos
Elyvilon
Fedhas
Gozag
Hepliaklqana
Kikubaaqudgha
Makhleb
Nemelex Xobeh
Okawaru
Qazlal
Ru
Sif Muna
Trog
Uskayaw
Vehumet
Wu Jian
Xom
Yredelemnul
Zin
The Shining One
Jiyva
Lugonu


Innate Abilities, Weirdness & Mutations

You have a pair of horns on your head.
You reflexively headbutt those who attack you in melee.


Message History

Unknown command.
You cannot move away from the balrug!
Unknown command.
Unknown command.
Okay, then.
Okay, then.
You feel yourself speed up.
Visions of slaying the hell hog flood into your mind.
The hell hog squeals angrily.
The stoker shouts!
The hellion gestures at you.
The sphere of damnation explodes!
The damnation engulfs you!! The balrug gestures at you. Something smites you!
The balrug gestures at you. Something smites you!
The hell hog breathes fire at you.
The fireball explodes!
The fireball engulfs you. The balrug gestures at you. Something smites you!
* * * LOW HITPOINT WARNING * * *
Unknown command.
You feel much better.
Unknown command.
Unknown command.
Your skin crawls.
You feel strong-willed.
The salamander tyrant rends the earth beneath you!
The blast of magma engulfs you. The hell hog breathes fire at you.
The fireball explodes!
The fireball engulfs you!!
* * * LOW HITPOINT WARNING * * *
Unknown command.
Unknown command.
You feel much better.
A salamander tyrant comes into view.
The salamander tyrant gazes fiercely through you!
You feel your attacks grow feeble.
The salamander tyrant calls gouts of flame from the lava!
The flame surge hits you!!!
You die...

▓▓▓▓▓▓▓▓▓▓▓
▓...)=N[}...▓...8©8...▓
▓.....2.....▓..[:)[...▓
▓..NNhNL2...▓...)[....▓
▓.....h.....▓.........▓
▓...2n..h...▓...).†...▓
▓...........▓....)....▓
▓..▓..≈≈.▓..▓.........▓
▓.....@≈....▓.........▓
▓....≈©.....▓....©....▓
▓▓▓▓▓▓▓▓▓▓▓▓▓▓▓▓▓▓▓▓▓▓▓
▓...8©8...▓...8©8...▓..
▓..):[):..▓..)=)[...▓..
▓..)))=)..▓..")|==..▓..
▓.........▓.........▓..
▓....)....▓.........▓..
▓.........▓.........▓..


You could see a searing wretch, a stoker, 2 balrugs, 4 salamander tyrants, 3
hell hogs and a hellion.

Vanquished Creatures
  A draconian annihilator (D)
  Azrael (D)
  Erolcha (D)
  A dancing weapon (D)
  Nergalle (D)
  Sonja (D)
  2 soul eaters (D)
  A deep elf archer (D)
  2 deep elf zephyrmancers (D)
  3 toenail golems (D)
  A water nymph (shapeshifter) (D)
  A rime drake (D)
  A freezing wraith (D)
  An ice devil (D)
  A polar bear (D)
  A jumping spider (D)
  Grum (D)
  3 fire elementals (D)
  2 water moccasins (D)
  A hell hound (D)
  4 starcursed masses (D)
  A phantom (D)
  2 necrophages (D)
  4 earth elementals (D)
  2 scorpions (D)
  A wight (D)
  2 quasits (D)
  Crazy Yiuf (D)
  An iron imp (D)
  Terence (D)
  An adder (D)
  An adder skeleton (D)
  2 adder simulacra (D)
  A bat skeleton (D)
  A bat zombie (D)
  A jackal zombie (D)
  A quokka zombie (D)
  A spectral ball python (D)
  A fire vortex (D)
56 creatures vanquished.

Vanquished Creatures (collateral kills)
  Nikola (D)
  A black mamba (D)
  Menkaure (D)
  3 nagas (D)
  4 water moccasins (D)
  2 phantoms (D)
  A spectral adder (D)
  2 bat skeletons (D)
  A bat zombie (D)
  A jackal zombie (D)
  A quokka skeleton (D)
  A quokka zombie (D)
  A spectral ball python (D)
20 creatures vanquished.

Vanquished Creatures (others)
  Dowan (D)
1 creature vanquished.

Grand Total: 77 creatures vanquished

Notes
Turn   | Place    | Note
-------+----------+-------------------------------------------
     0 | D        | Zeld the Minotaur Berserker began the quest for the Orb.
     0 | D        | Reached XP level 1. HP: 19/19 MP: 0/0
     0 | D        | Found a shimmering blue altar of Sif Muna.
     0 | D        | Found a sacrificial altar of Ru.
     0 | D        | Found a bloodstained altar of Trog.
     0 | D        | Found a stormy altar of Qazlal.
     0 | D        | Found an iron altar of Okawaru.
     0 | D        | Found a sparkling altar of Nemelex Xobeh.
     0 | D        | Found a blossoming altar of Fedhas.
     0 | D        | Found the +6 Majin-Bo {vamp, MP+6 Int+6}
     0 | D        | Found the +9 heavy crossbow "Sniper" {vorpal, Acc+∞ SInv}
     0 | D        | Found the +10 dark maul {vorpal}
     0 | D        | Found the +15 Maxwell's patent armour {-Cast -Tele rElec
                  | Will+ rCorr}
     0 | D        | Found the +18 shield of the Gong {rElec rN+ Will+ EV-5}
     0 | D        | Found the +14 obsidian axe {vorpal, Mesm Drain Fly SInv}
     0 | D        | Found the +7 great mace "Firestarter" {inner flame, rF++}
     0 | D        | Found the +6 shillelagh "Devastator" {shatter}
     0 | D        | Found the +11 plutonium sword {Contam Stlth-}
     0 | D        | Found the +8 lance "Wyrmbane" {slay drac, rPois rF+ rC+
                  | AC+3}
     0 | D        | Found the +9 sword of Zonguldrok {reap}
     0 | D        | Found the +13 scythe of Curses {drain, Drain}
     0 | D        | Found the +5 sword of Power {vorpal}
     0 | D        | Found the +7 mace of Variability {chain chaos}
     0 | D        | Found the +7 Singing Sword {vorpal, sonic wave}
     0 | D        | Found the +8 storm bow {elec, penet}
     2 | D        | Found a transporter.
     2 | D        | Found an ancient bone altar of Kikubaaqudgha.
     2 | D        | Found a viscous altar of Jiyva.
     2 | D        | Found a corrupted altar of Lugonu.
     2 | D        | Found a hazy altar of Hepliaklqana.
     2 | D        | Found a burning altar of Makhleb.
     2 | D        | Found an opulent altar of Gozag.
    73 | D        | Reached skill level 5 in Fighting
    73 | D        | Reached XP level 2. HP: 29/29 MP: 1/1
    78 | D        | Entered arena 2.
    78 | D        | Noticed a water moccasin
    78 | D        | Found a transporter.
    81 | D        | Killed a water moccasin
    82 | D        | Reached skill level 5 in Dodging
    82 | D        | Reached XP level 3. HP: 38/38 MP: 2/2
    82 | D        | Reached XP level 4. HP: 45/45 MP: 3/3
   130 | D        | Entered arena 3.
   130 | D        | Noticed a scorpion
   130 | D        | Noticed a jumping spider
   130 | D        | Noticed a scorpion
   130 | D        | Found a transporter.
   133 | D        | Killed a scorpion
   133 | D        | Reached ** piety under Trog
   134 | D        | Reached XP level 5. HP: 52/52 MP: 4/4
   137 | D        | Reached skill level 10 in Axes
   139 | D        | Killed a jumping spider
   140 | D        | Reached XP level 6. HP: 60/62 MP: 5/5
   202 | D        | Entered arena 4.
   202 | D        | Found a transporter.
   204 | D        | Reached *** piety under Trog
   207 | D        | Reached XP level 7. HP: 68/70 MP: 3/6
   292 | D        | Entered arena 5.
   292 | D        | Noticed a fire elemental
   292 | D        | Noticed a fire elemental
   292 | D        | Found a transporter.
   295 | D        | Killed a fire elemental
   295 | D        | Reached **** piety under Trog
   297 | D        | Killed a fire elemental
   297 | D        | Noticed a sun demon
   298 | D        | Reached skill level 10 in Fighting
   540 | D        | Entered arena 6.
   540 | D        | Noticed a deep elf zephyrmancer
   540 | D        | Noticed a deep elf archer
   540 | D        | Noticed a +4 flail of protection
   540 | D        | Noticed a deep elf zephyrmancer
   540 | D        | Noticed a fire elemental
   540 | D        | Found a transporter.
   544 | D        | Killed a fire elemental
   545 | D        | Reached XP level 8. HP: 63/79 MP: 2/7
   545 | D        | Killed a deep elf zephyrmancer
   546 | D        | Reached skill level 10 in Armour
   546 | D        | Killed a deep elf zephyrmancer
   546 | D        | Reached ***** piety under Trog
   547 | D        | Reached skill level 15 in Axes
   547 | D        | Reached skill level 10 in Dodging
   549 | D        | Killed a +4 flail of protection
   550 | D        | Reached XP level 9. HP: 42/90 MP: 0/8
   555 | D        | Killed a deep elf archer
   802 | D        | Entered arena 7.
   802 | D        | Noticed a freezing wraith
   802 | D        | Noticed a rime drake
   802 | D        | Noticed a polar bear
   802 | D        | Noticed an ice devil
   804 | D        | Found a transporter.
   806 | D        | Killed a rime drake
   806 | D        | Received a gift from Trog
   807 | D        | Killed a polar bear
   808 | D        | Killed an ice devil
   812 | D        | Killed a freezing wraith
   813 | D        | Reached XP level 10. HP: 101/101 MP: 4/9
   920 | D        | Entered arena 8.
   920 | D        | Noticed a yellow draconian annihilator
   920 | D        | Noticed a water nymph
   920 | D        | Noticed a starcursed mass
   927 | D        | Killed a water nymph
   927 | D        | Received a gift from Trog
   927 | D        | Paralysed by accursed screaming for 1 turns
   929 | D        | Killed a starcursed mass
   934 | D        | Killed a starcursed mass
   934 | D        | Reached ****** piety under Trog
   939 | D        | Killed a yellow draconian annihilator
  1011 | D        | Entered arena 9.
  1011 | D        | Noticed a toenail golem
  1011 | D        | Noticed a toenail golem
  1011 | D        | Noticed a toenail golem
  1012 | D        | Found a transporter.
  1016 | D        | Received a gift from Trog
  1018 | D        | Killed a toenail golem
  1019 | D        | Killed a toenail golem
  1020 | D        | Reached skill level 15 in Fighting
  1020 | D        | Killed a toenail golem
  1021 | D        | Reached skill level 15 in Armour
  1081 | D        | Entered arena 10.
  1082 | D        | Found a transporter.
  1086 | D        | Received a gift from Trog
  1128 | D        | Got the ring of Immonaos {Str+7 SInv}
  1144 | D        | Entered arena 11.
  1144 | D        | Noticed a black mamba
  1145 | D        | Found a transporter.
  1149 | D        | Killed a black mamba
  1150 | D        | Reached XP level 11. HP: 114/114 MP: 7/10
  1151 | D        | Received a gift from Trog
  1178 | D        | Got the ring of Hummy {EV+4 Dex+2}
  1187 | D        | Entered arena 12.
  1188 | D        | Noticed a soul eater
  1188 | D        | Noticed a soul eater
  1189 | D        | Found a transporter.
  1192 | D        | Received a gift from Trog
  1196 | D        | Killed a soul eater
  1196 | D        | Killed a soul eater
  1197 | D        | Reached skill level 15 in Dodging
  1267 | D        | Entered arena 13.
  1267 | D        | Found the +3 greatsling "Punk" {acid, rCorr}
  1267 | D        | Noticed Menkaure
  1267 | D        | Noticed Azrael
  1267 | D        | Noticed Nikola
  1267 | D        | Noticed Grum
  1267 | D        | Noticed Erolcha
  1267 | D        | Noticed Terence
  1268 | D        | Identified the +4 great sword "Hiqatuv" {flame, *Noise
                  | rPois Int+4 Dex+2}
  1268 | D        | Noticed Dowan
  1268 | D        | Noticed Crazy Yiuf
  1268 | D        | Identified the +6 triple sword of Honour {vorpal, *Rage rC+
                  | rN+++ Int+2}
  1268 | D        | Noticed Nergalle
  1268 | D        | Noticed Sonja
  1270 | D        | Killed Menkaure
  1274 | D        | Found a transporter.
  1275 | D        | Killed Grum
  1275 | D        | Received a gift from Trog
  1276 | D        | Killed Azrael
  1276 | D        | Killed Dowan
  1277 | D        | Killed Crazy Yiuf
  1279 | D        | Killed Nergalle
  1279 | D        | Killed Terence
  1281 | D        | Killed Sonja
  1281 | D        | Killed Erolcha
  1281 | D        | Received a gift from Trog
  1281 | D        | Killed Nikola
  1474 | D        | Entered arena 14.
  1475 | D        | Noticed a searing wretch
  1475 | D        | Noticed a hell hog
  1475 | D        | Noticed a balrug
  1475 | D        | Noticed a hell hog
  1475 | D        | Noticed a balrug
  1475 | D        | Noticed a stoker
  1475 | D        | Noticed a hell hog
  1475 | D        | Noticed a salamander tyrant
  1475 | D        | Noticed a salamander tyrant
  1475 | D        | Noticed a salamander tyrant
  1479 | D        | Noticed a salamander tyrant
  1479 | D        | Killed from afar by a salamander tyrant

Illustrated notes

Levels and vault maps discovered:
D:        sprint_v [room_start, room_1, room_2, room_3, room_4, room_5, room_6,
          room_7, room_8, room_9, room_10, room_11, room_12, room_13, room_14,
          room_15, room_16, room_17, room_18, room_19, room_20, room_21,
          room_22, room_23, room_24, room_25, room_26, room_27]

Skill      XL: |  1  2  3  4  5  6  7  8  9 10 11 |
---------------+----------------------------------+-----
Fighting       | 5 6 7 8 9 10 12 13 15 18 | 18.1
Axes           | 6 8 9 11 12 13 16 17 18 | 18.0
Armour         | 4 6 8 9 11 12 15 18 | 18.0
Dodging        | 4 5 6 7 9 10 11 14 16 | 16.6

Action                   |  1- 3 |  4- 6 |  7- 9 | 10-12 || total
-------------------------+-------+-------+-------+-------++-------
Melee: Broad axe         |     3 |    13 |    25 |    43 ||    84
       Headbutt          |       |       |     3 |     6 ||     9
Invok: Berserk           |       |       |     3 |     3 ||     6
       Trog's Hand       |       |       |       |     1 ||     1
  Use: Potion            |     1 |       |       |     3 ||     4
Armor: Plate armour      |     3 |     1 |    14 |    13 ||    31
Dodge: Dodged            |       |     1 |       |     6 ||     7
Block: Kite shield       |     6 |    16 |    24 |    40 ||    86
